 Dungeon Crawl Stone Soup version 0.25-a0-42-g6c54e25894 (webtiles) character file.

Game seed: 6587914011787684296, levelgen mode: deterministic

14 Chiseanne the Sneak (level 2, 0/22 HPs)
             Began as a Demonspawn Wanderer on Oct 22, 2019.
             Slain by a kobold
             ... wielding a cursed -3 short sword
              (8 damage)
             ... on level 1 of the Dungeon.
             The game lasted 00:00:37 (283 turns).

Chiseanne the Sneak (Demonspawn Wanderer)            Turns: 283, Time: 00:00:38

Health: 0/22       AC:  2    Str: 11    XL:     2   Next: 31%
Magic:  2/2        EV: 12    Int: 13    God:
Gold:   28         SH:  0    Dex: 13    Spells: 1/1 levels left

rFire    . . .     SeeInvis .   a - +2 dagger
rCold    + . .     Gourm    .   (no shield)
rNeg     . . .     Faith    .   e - +0 robe
rPois    .         Spirit   .   (no helmet)
rElec    .         Reflect  .   (no cloak)
rCorr    .         Harm     .   (no gloves)
MR       .....                  (no boots)
Stlth    ++........             (no amulet)
HPRegen  0.07/turn              (no ring)
MPRegen  0.08/turn              (no ring)

@: no status effects
A: cold resistance 1
a: no special abilities


You were on level 1 of the Dungeon.
You were not hungry.

You visited 1 branch of the dungeon, and saw 1 of its levels.

You collected 28 gold pieces.

Inventory:

Hand Weapons
 a - a +2 dagger (weapon)
Missiles
 h - 25 stones (quivered)
 i - 24 arrows
Armour
 e - a +0 robe (worn)
Scrolls
 b - a scroll of fear
 j - a scroll of magic mapping {unknown}
 k - a scroll of fog {unknown}
Potions
 c - a potion of curing
 d - a potion of lignification
Comestibles
 f - a ration


   Skills:
 * Level 1.7 Fighting
   Level 1.7(1.9) Polearms
   Level 1.0(1.5) Staves
 * Level 1.6 Dodging
 - Level 3.6 Stealth
   Level 1.0 Evocations


You had one spell level left.
You didn't know any spells.
Your spell library was empty.

Dungeon Overview and Level Annotations

Branches:
Dungeon (1/15)

Altars:


Innate Abilities, Weirdness & Mutations

Your flesh is cold resistant. (rC+)


Message History

You miss the leopard gecko.
The leopard gecko is almost dead.
The leopard gecko closely misses you. The leopard gecko bites you.
You hit the leopard gecko.
You kill the leopard gecko!
The kobold is too close now for your liking.
A kobold is nearby!
The kobold is too close now for your liking.
The kobold shouts!
The kobold hits you with a cursed -3 short sword.
You hit the kobold.
The kobold is moderately wounded.
The kobold barely misses you.
You miss the kobold.
The kobold is moderately wounded.
The kobold closely misses you.
You closely miss the kobold.
The kobold is moderately wounded.
The kobold hits you with a cursed -3 short sword!
You die...

.###.. ..... .. .#..#
..# ## ...# # #.####.
...# ## #.#......###..#
.. #.#..# #..#K.##.####
##.#..# #...@.......
####.....#####...#..#.##
#...........)....#.##.##
......#.######.#........
..)...#.# #..........
........# #####.##...
....#.### .# ## ....#.#
.# #.###.# #


You could see a kobold.

Vanquished Creatures
  An ooze (D:1)
  A leopard gecko (D:1)
  2 bats (D:1)
  A goblin (D:1)
  A hobgoblin (D:1)
  3 kobolds (D:1)
9 creatures vanquished.

Vanquished Creatures (others)
  4 toadstools (D:1)
4 creatures vanquished.

Grand Total: 13 creatures vanquished

Notes
Turn   | Place    | Note
-------+----------+-------------------------------------------
     0 | D:1      | Chiseanne the Demonspawn Wanderer began the quest for the
                  | Orb.
     0 | D:1      | Chiseanne set off with the following items: a +2 dagger, a
                  | scroll of fear, a potion of curing, a potion of
                  | lignification, a +0 robe, a ration
     0 | D:1      | Reached XP level 1. HP: 15/15 MP: 1/1
   169 | D:1      | Gained mutation: Your flesh is cold resistant. (rC+)
                  | [demonic ancestry]
   169 | D:1      | Reached XP level 2. HP: 21/21 MP: 2/2
   283 | D:1      | Slain by a kobold

Levels and vault maps discovered:
D:1:      ldierk_water_garden, layout_loops_ring

Action                   || total
-------------------------++-------
Melee: Dagger            ||    34
 Stab: Sleeping          ||     3
Armor: Robe              ||     2
Dodge: Dodged            ||    18

Table legend:
 A = Non-vault XP
 B = Vault XP
 C = Vault XP percentage of total XP
 D = Non-vault monster count
 E = Vault monster count
 F = Vault count percentage of total count
                 A         B        C        D         E       F
            +---------+---------+-------+---------+---------+-------
      Total |      21 |       0 |   0.0 |       9 |       0 |   0.0
            +---------+---------+-------+---------+---------+-------
        D:1 |      21 |       0 |   0.0 |       9 |       0 |   0.0
            +---------+---------+-------+---------+---------+-------
